PIO
SEATTLE (RK+) MARINERS @ OREM OWLZ
07/08/2099
 
TOP OF THE 1ST
Seattle (Rk+) Mariners batting - Pitching for Orem Owlz : LHP Kevin Wright
Pitching: LHP Kevin Wright
Batting: SHB Bob Unruh 0-0: Swinging Strike
0-1: Ball
1-1: Foul Ball, location: 2F
1-2: Strikes out swinging
Batting: RHB Frank Gregg 0-0: Called Strike
0-1: Ball
1-1: Foul Ball, location: 2F
1-2: Ground out 4-3 (Groundball, 4, EV 91.9 MPH)
Batting: RHB Jimmy Knudson 0-0: Called Strike
0-1: Fly out, F7 (Flyball, 7LD, EV 111.3 MPH)
Top of the 1st over - 0 runs, 0 hits, 0 errors, 0 left on base; Seattle (Rk+) 0 - Orem 0
BOTTOM OF THE 1ST
Orem Owlz batting - Pitching for Seattle (Rk+) Mariners : RHP Eric Needham
Pitching: RHP Eric Needham
Batting: RHB Hector Castillo 0-0: Called Strike
0-1: Ball
1-1: Ground out 4-3 (Groundball, 4, EV 83.8 MPH)
Batting: RHB Manny Guerrero 0-0: Swinging Strike
0-1: Called Strike
0-2: Foul Ball, location: 2F
0-2: Ball
1-2: Foul Ball, location: 2F
1-2: Strikes out swinging
Batting: LHB Chad Smith 0-0: Ball
1-0: Called Strike
1-1: Ball
2-1: Foul Ball, location: 2F
2-2: Strikes out swinging
Bottom of the 1st over - 0 runs, 0 hits, 0 errors, 0 left on base; Seattle (Rk+) 0 - Orem 0
TOP OF THE 2ND
Seattle (Rk+) Mariners batting - Pitching for Orem Owlz : LHP Kevin Wright
Batting: RHB Seth Sprague 0-0: Swinging Strike
0-1: Foul Ball, location: 9LMF
0-2: Ball
1-2: DOUBLE (Line Drive, 89D, EV 101.3 MPH)
Batting: RHB Clint Roth 0-0: Called Strike
0-1: Foul Ball, location: 3FF
0-2: Strikes out swinging
Batting: RHB Carlos Yanez 0-0: Ball
1-0: Ball
2-0: Ball
3-0: Called Strike
3-1: Ground out 5-3 (Groundball, 56S, EV 88.1 MPH)
Batting: RHB Xavier Johnson 0-0: Ball
1-0: SINGLE (Flyball, 3D, EV 96.9 MPH)
Seth Sprague to third
Runner from 3rd tries for Home, SAFE, throw by RF to home
Batting: RHB Lee Miller 0-0: Ball
1-0: Called Strike
1-1: Ball
2-1: Ground out 4-3 (Groundball, 4, EV 85.6 MPH)
Top of the 2nd over - 1 run, 2 hits, 0 errors, 1 left on base; Seattle (Rk+) 1 - Orem 0
BOTTOM OF THE 2ND
Orem Owlz batting - Pitching for Seattle (Rk+) Mariners : RHP Eric Needham
Batting: RHB Jon Kren 0-0: Ball
1-0: Ball
2-0: Called Strike
2-1: Ball
3-1: Base on Balls
Batting: LHB Raul Paredes 0-0: Foul Ball, location: 2F
0-1: Swinging Strike
0-2: Strikes out swinging
Batting: RHB Rich Howes 0-0: Ball
1-0: Swinging Strike
1-1: Fielders Choice at 2nd, 3-6 (Groundball, 34, EV 82.5 MPH)
Batting: RHB Luis Trevino 0-0: Called Strike
0-1: Swinging Strike
0-2: Ball
1-2: Ball
2-2: Fly out, F7 (Flyball, 78M, EV 87.5 MPH)
Bottom of the 2nd over - 0 runs, 0 hits, 0 errors, 1 left on base; Seattle (Rk+) 1 - Orem 0
TOP OF THE 3RD
Seattle (Rk+) Mariners batting - Pitching for Orem Owlz : LHP Kevin Wright
Batting: RHB Ryan Arroyo 0-0: Ball
1-0: Foul Ball, location: 2F
1-1: Ball
2-1: Ball
3-1: Foul Ball, location: 25F
3-2: Base on Balls
Batting: SHB Bob Unruh 0-0: Ball
1-0: Ball
2-0: Foul Ball, location: 3FF
2-1: Called Strike
2-2: Ball
3-2: Foul Ball, location: 2F
3-2: Foul Ball, location: 2F
3-2: Base on Balls
Ryan Arroyo to second
Batting: RHB Frank Gregg 0-0: Called Strike
0-1: Fly out, F7 (Flyball, 7, EV 90.6 MPH)
Batting: RHB Jimmy Knudson 0-0: Ball
1-0: Ball
2-0: Foul Ball, location: 2F
2-1: Ball
3-1: Called Strike
3-2: Foul Ball, location: 2F
3-2: Fly out, F8 (Flyball, 8LM, EV 96.3 MPH)
Batting: RHB Seth Sprague 0-0: Ball
1-0: Foul Ball, location: 2F
1-1: Called Strike
1-2: Fly out, F4 (Popup, 3D, EV 57.5 MPH)
Top of the 3rd over - 0 runs, 0 hits, 0 errors, 2 left on base; Seattle (Rk+) 1 - Orem 0
BOTTOM OF THE 3RD
Orem Owlz batting - Pitching for Seattle (Rk+) Mariners : RHP Eric Needham
Batting: RHB Brent Little 0-0: Ball
1-0: Called Strike
1-1: Ball
2-1: Called Strike
2-2: Strikes out swinging
Batting: SHB Kyle Reavis 0-0: Ball
1-0: Swinging Strike
1-1: Foul Ball, location: 2F
1-2: Strikes out looking
Batting: RHB Hector Castillo 0-0: Fly out, F8 (Line Drive, 8LM, EV 91.3 MPH)
Bottom of the 3rd over - 0 runs, 0 hits, 0 errors, 0 left on base; Seattle (Rk+) 1 - Orem 0
TOP OF THE 4TH
Seattle (Rk+) Mariners batting - Pitching for Orem Owlz : LHP Kevin Wright
Batting: RHB Clint Roth 0-0: Ball
1-0: Foul Ball, location: 5DF
1-1: Called Strike
1-2: Ball
2-2: DOUBLE (Groundball, 3L, EV 97.5 MPH)
Batting: RHB Carlos Yanez 0-0: Called Strike
0-1: Fly out, F7 (Flyball, 7LM, EV 84.4 MPH)
Batting: RHB Xavier Johnson 0-0: Ball
1-0: Ball
2-0: Fly out, F8 (Flyball, 8RM, EV 83.8 MPH)
Batting: RHB Lee Miller 0-0: Ground out 5-3 (Groundball, 56, EV 86.9 MPH)
Top of the 4th over - 0 runs, 1 hit, 0 errors, 1 left on base; Seattle (Rk+) 1 - Orem 0
BOTTOM OF THE 4TH
Orem Owlz batting - Pitching for Seattle (Rk+) Mariners : RHP Eric Needham
Batting: RHB Manny Guerrero 0-0: Ball
1-0: Called Strike
1-1: Ball
2-1: Ball
3-1: Base on Balls
Batting: LHB Chad Smith 0-0: Foul Ball, location: 7LDF
0-1: Ball
1-1: Ball
2-1: Fly out, F5 (Popup, 5S, EV 83.1 MPH)
Batting: RHB Jon Kren 0-0: Ball
1-0: Ball
2-0: Fly out, F4 (Popup, 4S, EV 79.4 MPH)
Batting: LHB Raul Paredes 0-0: Ball
1-0: Ball
2-0: Ball
3-0: Base on Balls
Manny Guerrero to second
Batting: RHB Rich Howes 0-0: SINGLE (Groundball, 6, EV 92.5 MPH) (infield hit)
Manny Guerrero to third
Raul Paredes to second
Batting: RHB Luis Trevino 0-0: Ball
1-0: Ball
2-0: Ball
3-0: Called Strike
3-1: Foul Ball, location: 3FF
3-2: Strikes out swinging
Bottom of the 4th over - 0 runs, 1 hit, 0 errors, 3 left on base; Seattle (Rk+) 1 - Orem 0
TOP OF THE 5TH
Seattle (Rk+) Mariners batting - Pitching for Orem Owlz : LHP Kevin Wright
Batting: RHB Ryan Arroyo 0-0: Called Strike
0-1: Ball
1-1: Foul Ball, location: 2F
1-2: Ground out 5-3 (Groundball, 56S, EV 86.3 MPH)
Batting: SHB Bob Unruh 0-0: SINGLE (Flyball, 6D, EV 89.4 MPH)
Batting: RHB Frank Gregg 0-0: Ball
1-0: Called Strike
1-1: Ball
2-1: Foul Ball, location: 7LMF
2-2: Ball
3-2: Fly out, F4 (Popup, 4M, EV 59.4 MPH)
Pitching: LHP Alex Buendia
Batting: RHB Jimmy Knudson 0-0: Called Strike
0-1: Fly out, F8 (Line Drive, 78M, EV 93.8 MPH)
Top of the 5th over - 0 runs, 1 hit, 0 errors, 1 left on base; Seattle (Rk+) 1 - Orem 0
BOTTOM OF THE 5TH
Orem Owlz batting - Pitching for Seattle (Rk+) Mariners : RHP Eric Needham
Batting: RHB Brent Little 0-0: Foul Ball, location: 9LMF
0-1: Swinging Strike
0-2: SINGLE (Groundball, 34D, EV 93.8 MPH) (infield hit)
Batting: SHB Kyle Reavis 0-0: Fielders Choice at 2nd, 6-4 (Groundball, 6S, EV 87.5 MPH)
Batting: RHB Hector Castillo 0-0: Ball
1-0: Ball
2-0: Swinging Strike
2-1: Swinging Strike
2-2: Foul Ball, location: 9LMF
2-2: Ball
3-2: Fielders Choice at 2nd, 6-4 (Groundball, 6, EV 101.3 MPH)
Batting: RHB Manny Guerrero 0-0: Ball
1-0: Ball
Hector Castillo steals 2nd base
2-0: Swinging Strike
2-1: Foul Ball, location: 9LDF
2-2: Foul Ball, location: 2F
2-2: Strikes out swinging
Bottom of the 5th over - 0 runs, 1 hit, 0 errors, 1 left on base; Seattle (Rk+) 1 - Orem 0
TOP OF THE 6TH
Seattle (Rk+) Mariners batting - Pitching for Orem Owlz : LHP Alex Buendia
Batting: RHB Seth Sprague 0-0: Called Strike
0-1: Foul Ball, location: 23FF
0-2: Ball
1-2: Foul Ball, location: 2F
1-2: Ground out 5-3 (Groundball, 56, EV 83.8 MPH)
Batting: RHB Clint Roth 0-0: Ball
1-0: Fly out, F2 (Popup, 23F, EV 89.4 MPH)
Batting: RHB Carlos Yanez 0-0: Ball
1-0: Ball
2-0: Ball
3-0: Base on Balls
Batting: RHB Xavier Johnson 0-0: Ball
1-0: Called Strike
1-1: Ball
2-1: Foul Ball, location: 2F
2-2: Ball
3-2: Foul Ball, location: 2F
3-2: Foul Ball, location: 7LSF
3-2: Base on Balls
Carlos Yanez to second
Batting: RHB Lee Miller 0-0: Ball
1-0: Ball
2-0: Ball
3-0: Called Strike
3-1: Called Strike
3-2: Fly out, F8 (Flyball, 89M, EV 86.9 MPH)
Top of the 6th over - 0 runs, 0 hits, 0 errors, 2 left on base; Seattle (Rk+) 1 - Orem 0
BOTTOM OF THE 6TH
Orem Owlz batting - Pitching for Seattle (Rk+) Mariners : RHP Eric Needham
Pitching: RHP Chris Cornell
Batting: LHB Chad Smith 0-0: Ball
1-0: Foul Ball, location: 2RF
1-1: Called Strike
1-2: Strikes out swinging
Batting: RHB Jon Kren 0-0: Ball
1-0: Foul Ball, location: 7LMF
1-1: Ball
2-1: Swinging Strike
2-2: Foul Ball, location: 9LMF
2-2: Ball
3-2: Base on Balls
Batting: LHB Raul Paredes 0-0: Swinging Strike
0-1: Ball
1-1: Called Strike
1-2: Strikes out swinging
Batting: RHB Rich Howes 0-0: Called Strike
0-1: Called Strike
0-2: Ball
1-2: Strikes out swinging
Bottom of the 6th over - 0 runs, 0 hits, 0 errors, 1 left on base; Seattle (Rk+) 1 - Orem 0
TOP OF THE 7TH
Seattle (Rk+) Mariners batting - Pitching for Orem Owlz : LHP Alex Buendia
Pitching: RHP Alex Zarate
Batting: RHB Ryan Arroyo 0-0: Called Strike
0-1: Swinging Strike
0-2: Foul Ball, location: 5DF
0-2: Ball
1-2: Foul Ball, location: 2RF
1-2: Strikes out swinging
Batting: SHB Bob Unruh 0-0: Foul Ball, location: 2F
0-1: Foul Ball, location: 7LMF
0-2: Ball
1-2: DOUBLE (Line Drive, 9LM, EV 101.9 MPH)
Batting: RHB Frank Gregg 0-0: Ball
1-0: Called Strike
1-1: Called Strike
1-2: Ground out 5-3 (Groundball, 5, EV 89.4 MPH)
Batting: RHB Jimmy Knudson 0-0: Intentional Walk
Pinch Hitting: LHB Carlos Garcia 0-0: Called Strike
0-1: Called Strike
0-2: Ball
1-2: Foul Ball, location: 2F
1-2: Ball
2-2: Ball
3-2: Foul Ball, location: 5DF
3-2: Base on Balls
Bob Unruh to third
Jimmy Knudson to second
Batting: LHB Gary Binnowee 0-0: Fly out, F8 (Line Drive, 8LD, EV 97.5 MPH)
Top of the 7th over - 0 runs, 1 hit, 0 errors, 3 left on base; Seattle (Rk+) 1 - Orem 0
BOTTOM OF THE 7TH
Orem Owlz batting - Pitching for Seattle (Rk+) Mariners : RHP Chris Cornell
Now in CF: Nate Cheek
Batting: RHB Luis Trevino 0-0: Called Strike
0-1: Ground out U3 (Groundball, 3L, EV 89.4 MPH)
Batting: RHB Brent Little 0-0: Foul Ball, location: 3F
0-1: Ball
1-1: Called Strike
1-2: Ball
2-2: DOUBLE (Line Drive, 9LM, EV 93.1 MPH)
Batting: SHB Kyle Reavis 0-0: Ball
1-0: Ground out 1-3 (Groundball, 13S, EV 66.3 MPH)
Pinch Hitting: LHB Russ Trahan 0-0: Ball
1-0: Foul Ball, location: 23FF
1-1: Swinging Strike
1-2: Strikes out looking
Bottom of the 7th over - 0 runs, 1 hit, 0 errors, 1 left on base; Seattle (Rk+) 1 - Orem 0
TOP OF THE 8TH
Seattle (Rk+) Mariners batting - Pitching for Orem Owlz : RHP Alex Zarate
Now in LF: Jarod Heckman
Now in RF: Raul Paredes
Batting: RHB Carlos Yanez 0-0: Ball
1-0: Called Strike
1-1: Ground out 6-3 (Groundball, 4M, EV 67.5 MPH)
Batting: RHB Xavier Johnson 0-0: Called Strike
0-1: Fly out, F7 (Flyball, 7, EV 83.1 MPH)
Batting: RHB Lee Miller 0-0: Ground out 4-3 (Groundball, 4, EV 80.6 MPH)
Top of the 8th over - 0 runs, 0 hits, 0 errors, 0 left on base; Seattle (Rk+) 1 - Orem 0
BOTTOM OF THE 8TH
Orem Owlz batting - Pitching for Seattle (Rk+) Mariners : RHP Chris Cornell
Pitching: RHP Brett Sandal
Batting: RHB Manny Guerrero 0-0: Swinging Strike
0-1: Fly out, F8 (Flyball, 8LS, EV 79.4 MPH)
Batting: LHB Chad Smith 0-0: Foul Ball, location: 2F
0-1: Swinging Strike
0-2: Ball
1-2: Ball
2-2: Strikes out looking
Batting: RHB Jon Kren 0-0: Ball
1-0: Ground out 4-3 (Groundball, 34, EV 96.9 MPH)
Bottom of the 8th over - 0 runs, 0 hits, 0 errors, 0 left on base; Seattle (Rk+) 1 - Orem 0
TOP OF THE 9TH
Seattle (Rk+) Mariners batting - Pitching for Orem Owlz : RHP Alex Zarate
Pitching: RHP Ricardo Delgado
Batting: RHB Ryan Arroyo 0-0: Foul Ball, location: 3FF
0-1: Ball
1-1: SINGLE (Groundball, 4MD, EV 96.3 MPH)
Batting: SHB Bob Unruh 0-0: Ball
1-0: Foul Ball, location: 5FF
1-1: Foul Ball, location: 3FF
1-2: Ground out 6-3 (Groundball, 56, EV 91.3 MPH)
Ryan Arroyo to second
Batting: RHB Frank Gregg 0-0: Ball
1-0: Ball
2-0: Ball
Wild Pitch!
Ryan Arroyo to third
3-0: Called Strike
3-1: Foul Ball, location: 23F
3-2: Fly out, F4 (Popup, 34S, EV 73.8 MPH)
Batting: RHB Jimmy Knudson 0-0: Intentional Walk
Batting: RHB Nate Cheek 0-0: Ball
1-0: Ball
2-0: Foul Ball, location: 9LDF
2-1: Foul Ball, location: 23F
2-2: Ball
3-2: Foul Ball, location: 5FF
3-2: Base on Balls
Jimmy Knudson to second
Pitching: LHP Al Hanson
Batting: RHB David Noyola 0-0: SINGLE (Groundball, 4S, EV 68.1 MPH) (infield hit)
Ryan Arroyo scores
Jimmy Knudson to third
Nate Cheek to second
Pitching: LHP Steve Markussen
Batting: RHB Carlos Yanez 0-0: Called Strike
0-1: Ball
1-1: Swinging Strike
1-2: Ground out 1-3 (Groundball, 13S, EV 71.3 MPH)
Top of the 9th over - 1 run, 2 hits, 0 errors, 3 left on base; Seattle (Rk+) 2 - Orem 0
BOTTOM OF THE 9TH
Orem Owlz batting - Pitching for Seattle (Rk+) Mariners : RHP Brett Sandal
Batting: LHB Raul Paredes 0-0: Ball
1-0: Ground out 4-3 (Groundball, 4, EV 85.6 MPH)
Batting: RHB Rich Howes 0-0: Called Strike
0-1: Ball
1-1: Swinging Strike
1-2: Ball
2-2: Strikes out looking
Batting: RHB Luis Trevino 0-0: Foul Ball, location: 2F
0-1: Foul Ball, location: 7LDF
0-2: Ball
1-2: Foul Ball, location: 23FF
1-2: Foul Ball, location: 2F
1-2: Strikes out swinging
Bottom of the 9th over - 0 runs, 0 hits, 0 errors, 0 left on base; Seattle (Rk+) 2 - Orem 0
Saturday, May 11th , 2024 - OOTP Baseball 24.11 Build 85